 Dungeon Crawl Stone Soup version 0.29.1-2-gbd0b4ee654 (webtiles) character file.

Game seed: 18149652067766392104

4041 qeuew the Thaumaturge (level 10, -9/69 HPs)
             Began as a Pale Draconian Conjurer on Nov 5, 2022.
             Was a Follower of Vehumet.
             Mangled by a five-headed hydra (12 damage)
             ... on level 7 of the Dungeon.
             The game lasted 00:20:52 (9175 turns).

qeuew the Thaumaturge (Pale Draconian Conjurer)     Turns: 9175, Time: 00:20:53

Health: -9/69      AC:  4    Str: 13    XL:     10   Next: 4%
Magic:  8/22       EV: 17    Int: 19    God:    Vehumet [*.....]
Gold:   381        SH:  0    Dex: 10    Spells: 16/26 levels left

rFire   + . .      SeeInvis .   c - staff of conjuration
rCold   + . .      Faith    .   r - orb {light}
rNeg    + . .      Spirit   .   (body armour unavailable)
rPois   .          Reflect  .   (helmet restricted)
rElec   .          Harm     .   k - scarf {rC+ rF+}
rCorr   .          Rampage  .   l - +0 pair of gloves
Will    .....                   (no boots)
Stlth   +.........              d - amulet of magic regeneration
HPRegen 0.21/turn               n - ring of positive energy
MPRegen 0.58/turn               p - +4 ring of evasion

@: corroded, glowing
A: breathe steam, AC +7, unfitting armour, cold-blooded, steam resistance
a: Breathe Steam, Renounce Religion


You were on level 7 of the Dungeon.
You worshipped Vehumet.
Vehumet was aware of your devotion.
You visited 2 branches of the dungeon, and saw 8 of its levels.

You collected 381 gold pieces.

Inventory:

Armour
 k - a scarf of resistance (worn)
 l - a +0 pair of gloves (worn)
 r - an orb of light (worn)
Magical Staves
 c - a staff of conjuration (weapon)
Jewellery
 d - an amulet of magic regeneration (around neck)
 n - a ring of positive energy (left hand)
 p - a +4 ring of evasion (right hand)
 q - a ring of resist corrosion
Scrolls
 e - a scroll of blinking
 f - 3 scrolls of enchant weapon
 g - a scroll of fear
 h - 4 scrolls of identify
 j - a scroll of magic mapping
 o - a scroll of brand weapon
Potions
 a - 3 potions of magic
 b - 5 potions of curing
 i - 2 potions of might
 m - a potion of brilliance
 s - a potion of ambrosia {unknown}
 t - a potion of berserk rage {unknown}


   Skills:
 * Level 4.6 Staves
 * Level 5.7 Dodging
 - Level 1.7 Stealth
 * Level 8.5 Spellcasting
 + Level 7.5 Conjurations
 * Level 2.9 Air Magic
 * Level 4.8 Evocations


You had 16 spell levels left.
You knew the following spells:

 Your Spells              Type           Power      Damage    Failure   Level
a - Magic Dart            Conj           100%       1d8       1%          1
b - Searing Ray           Conj           100%       2d8       1%          2
c - Static Discharge      Conj/Air       42%        3-9/arc   1%          2
d - Lightning Bolt        Conj/Air       21%        1d36      28%         5

Your spell library contained the following spells:

 Spells                   Type           Power      Damage    Failure   Level
 Sandblast                Erth           16%        2d6       9%          1
 Dazzling Flash           Conj/Hex       66%        N/A       5%          3
 Fulminant Prism          Conj/Hex       16%        3d11      19%         4
 Iskenderun's Mystic Bla  Conj/Tloc      33%        2d8       19%         4
 Sticky Flame             Conj/Fire      33%        2d5       19%         4
 Gell's Gravitas          Tloc           8%         N/A       26%         3
 Portal Projectile        Hex/Tloc       16%        N/A       26%         3
 Teleport Other           Tloc           8%         N/A       26%         3
 Tukima's Dance           Hex            8%         N/A       26%         3
 Dispel Undead            Necr           8%         3d8       65%         4
 Blade Hands              Tmut           4%         N/A       94%         5
 Dispersal                Tloc           4%         N/A       100%        6
 Maxwell's Capacitive Co  Air            9%         ∞         100%        8


Dungeon Overview and Level Annotations

Branches:
Dungeon (7/15)             Temple (1/1) D:6

Altars:
Ashenzari
Cheibriados
Fedhas
Gozag
Kikubaaqudgha
Nemelex Xobeh
Okawaru
Qazlal
Uskayaw
Vehumet
Zin

Shops:
D:5 :

Annotations:
D:2 1 runed translucent door, Crazy Yiuf


Innate Abilities, Weirdness & Mutations

You can breathe blasts of scalding, opaque steam.
Your pale cyan-grey scales are hard. (AC +7)
You cannot fit into any form of body armour.
You are cold-blooded and may be slowed by cold attacks.
You are immune to the effects of steam.


Message History

The five-headed hydra bites you! The five-headed hydra bites you.
The five-headed hydra completely misses you.
The searing ray hits the five-headed hydra.
The five-headed hydra is severely wounded.
The five-headed hydra closely misses you.
The five-headed hydra bites you! The five-headed hydra misses you.
The five-headed hydra bites you.
The five-headed hydra closely misses you.
You are too injured to fight recklessly!
The searing ray hits the five-headed hydra!
The five-headed hydra is almost dead.
You finish channelling your searing ray.
The five-headed hydra closely misses you.
The five-headed hydra barely misses you.
The five-headed hydra bites you!
* * * LOW HITPOINT WARNING * * *
The five-headed hydra completely misses you.
The five-headed hydra misses you.
Aiming: Searing Ray (safe; 1% risk of failure)
Press: ? - help, Q - select action, (/) - cycle Shift-Dir - straight line, f/p - five-headed hydra
Aim: a five-headed hydra (almost dead, haloed, 95% to hit)
Okay, then.
Casting: Searing Ray (safe; 1% risk of failure)
Confirm with . or Enter, or press ? or * to list all spells.
You feel a surge of power!
The five-headed hydra is struck by an arc of lightning.
The five-headed hydra is almost dead.
You are struck by an arc of lightning.
* * * LOW HITPOINT WARNING * * *
The five-headed hydra is struck by an arc of lightning.
The five-headed hydra is almost dead.
You are struck by an arc of lightning.
* * * LOW HITPOINT WARNING * * *
The lightning grounds out.
The five-headed hydra bites you but does no damage.
The five-headed hydra barely misses you. x2
The five-headed hydra bites you.
* * * LOW HITPOINT WARNING * * *
The five-headed hydra bites you!
You die...

#. ... #. $.. #. ♣|♣ .#.## ♣§♣ #
.#..#############♣)♣ # #
.#..#.....#.♣.♣.♣♣)♣ ♣♣. #
....#.♣♣♣.♣♣.♣.♣)♣.♣.♣ ♣♣...♣#
......♣ ♣...♣.♣.♣D..♣ ......)
...)#.♣ ♣.♣♣.♣.♣@♣.♣.♣ ♣♣...♣#
....#.....#.♣.♣.♣♣.♣♣.♣ ♣♣. #
....#############################
...../...................<.)...^.
...#######################...#.##
...# #...#.## ...# #.###.>. ####
####.####.. #....##...#


You could see a five-headed hydra.

Vanquished Creatures
  Pikel (D:5)
  A slime creature (D:7)
  Sigmund (D:3)
  Menkaure (D:4)
  Duvessa (D:6)
  An acid dragon (D:7)
  An orc warrior (D:6)
  An ice beast (D:7)
  2 sky beasts (D:7)
  2 black bears (D:6)
  2 ogres
  A centaur (D:6)
  2 lemures (D:5)
  2 phantoms
  2 kobold brigands (D:6)
  4 bullfrogs
  A necrophage (D:6)
  4 scorpions
  A wight (D:7)
  Dowan (D:6)
  2 howler monkeys
  6 hounds
  6 orc priests
  A jelly (D:4)
  A gnoll bouda (D:6)
  Jessica (D:2)
  3 iguanas
  Terence (D:3)
  11 orc wizards
  6 gnolls
  8 adders
  A white imp (D:6)
  3 worms
  4 dart slugs
  43 orcs
  8 bats
  7 endoplasms
  5 giant cockroaches
  11 hobgoblins
  3 jackals (D:1)
  10 kobolds
  3 quokkas
  5 ball pythons
  5 frilled lizards
  6 goblins
  7 rats
199 creatures vanquished.

Vanquished Creatures (others)
  15 plants (D:7)
15 creatures vanquished.

Grand Total: 214 creatures vanquished

Notes
Turn   | Place    | Note
-------+----------+-------------------------------------------
     0 | D:1      | qeuew the Draconian Conjurer began the quest for the Orb.
     0 | D:1      | Reached XP level 1. HP: 14/14 MP: 3/3
   151 | D:1      | Reached XP level 2. HP: 12/20 MP: 0/5
   958 | D:1      | Reached XP level 3. HP: 26/26 MP: 3/6
   961 | D:1      | Learned a level 2 spell: Searing Ray
  2453 | D:2      | Reached XP level 4. HP: 33/33 MP: 2/8
  2543 | D:2      | Noticed Jessica
  2550 | D:2      | Killed Jessica
  2646 | D:2      | Found a runed translucent door.
  2647 | D:2      | Noticed Crazy Yiuf
  2695 | D:2      | Found a faded altar of an unknown god.
  2939 | D:3      | Reached skill level 3 in Spellcasting
  2971 | D:3      | Reached XP level 5. HP: 17/38 MP: 0/9
  3168 | D:3      | Reached skill level 1 in Staves
  3178 | D:3      | Reached skill level 5 in Conjurations
  3178 | D:3      | Reached skill level 1 in Evocations
  3699 | D:3      | Noticed Terence
  3711 | D:3      | Noticed Sigmund
  3888 | D:3      | Killed Sigmund
  3889 | D:3      | Reached skill level 4 in Spellcasting
  3889 | D:3      | Reached XP level 6. HP: 38/45 MP: 4/12
  4181 | D:3      | Killed Terence
  4513 | D:4      | Noticed Menkaure
  4525 | D:4      | Killed Menkaure
  4526 | D:4      | Your scales start taking on a pale cyan-grey colour.
  4526 | D:4      | Reached XP level 7. HP: 28/50 MP: 4/14
  4526 | D:4      | Gained mutation: You are immune to the effects of steam.
                  | [Pale Draconian growth]
  4896 | D:4      | Reached skill level 5 in Spellcasting
  5875 | D:5      | Entered Level 5 of the Dungeon
  6465 | D:5      | Found an ancient bone altar of Kikubaaqudgha.
  6561 | D:5      | Reached XP level 8. HP: 51/57 MP: 12/16
  6848 | D:5      | Noticed Pikel
  6859 | D:5      | Killed Pikel
  6860 | D:5      | Reached skill level 6 in Spellcasting
  7073 | D:5      | Found Raiplali's Book Emporium.
  7164 | D:5      | Learned a level 2 spell: Static Discharge
  7170 | D:5      | Learned a level 5 spell: Lightning Bolt
  7351 | D:6      | Reached skill level 7 in Spellcasting
  7495 | D:6      | Reached XP level 9. HP: 48/62 MP: 12/19
  7581 | D:6      | Found a staircase to the Ecumenical Temple.
  7590 | Temple   | Entered the Ecumenical Temple
  7669 | Temple   | Became a worshipper of Vehumet
  7776 | D:6      | Reached skill level 1 in Air Magic
  8094 | D:6      | Noticed Duvessa
  8094 | D:6      | Noticed Dowan
  8101 | D:6      | Killed Duvessa
  8102 | D:6      | Killed Dowan
  8109 | D:6      | Reached skill level 5 in Dodging
  8609 | D:7      | Identified the +1 ring mail "Lirphol" {*Slow rC++ rCorr
                  | Int+2}
  8874 | D:7      | Reached * piety under Vehumet
  8874 | D:7      | Offered knowledge of Sandblast by Vehumet.
  8964 | D:7      | Reached skill level 8 in Spellcasting
  9162 | D:7      | Reached XP level 10. HP: 50/69 MP: 9/22
  9165 | D:7      | Noticed a five-headed hydra
  9175 | D:7      | HP: 3/69 [five-headed hydra (4)]
  9175 | D:7      | Mangled by a five-headed hydra

Illustrated notes

Levels and vault maps discovered:
D:1:      moated_graveyard_arrival, layout_basic
D:2:      layout_loops_corners, ebering_ecumenical_altar_rust,
          uniq_crazy_yiuf_cottage, uniq_jessica
D:3:      layout_rooms, minmay_ruptured, uniq_sigmund, uniq_terence
D:4:      layout_basic, uniq_menkaure
D:5:      layout_gridville, kiku_gazebo_pond_becter, kennysheep_windowed_goal,
          uniq_pikel
D:6:      layout_cave_pools, minmay_temple_entry_waves, uniq_duvessa
D:7:      nzn_winding_woodlands_large [nzn_winding_woodlands_5x5_closed_star,
          nzn_winding_woodlands_5x15_pathside_ponds,
          nzn_winding_woodlands_hourglass, nzn_winding_woodlands_center_lodge,
          nzn_winding_woodlands_15x15_eel_pit,
          nzn_winding_woodlands_center_garden,
          nzn_winding_woodlands_5x5_open_star,
          nzn_winding_woodlands_5x15_split_checker,
          nzn_winding_woodlands_5x5_perimeter], layout_basic, water_maze_lemuel
Temple:   mainiacjoe_temple_archimedes_tessellation

Skill      XL: |  1  2  3  4  5  6  7  8  9 |
---------------+----------------------------+-----
Dodging        | 2 3 4 5 |  5.7
Spellcasting   | 3 4 5 7 8 |  8.5
Staves         | 1 2 3 4 |  4.6
Conjurations   | 5 6 7 |  7.5
Evocations     | 1 2 3 4 |  4.8
Air Magic      | 2 |  2.9
Stealth        | |  1.7

Action                   |  1- 3 |  4- 6 |  7- 9 | 10-12 || total
-------------------------+-------+-------+-------+-------++-------
Melee: Unarmed           |    86 |       |       |       ||    86
       Tailslap          |    13 |     2 |     3 |       ||    18
       Staff             |       |    31 |    37 |       ||    68
       Punch             |       |     1 |       |       ||     1
 Cast: Magic Dart        |    80 |    97 |   299 |     3 ||   479
       Searing Ray       |       |     3 |    29 |     1 ||    33
       Static Discharge  |       |       |     4 |     1 ||     5
 Abil: Breathe Steam     |       |       |     8 |     1 ||     9
  Use: Scroll            |     6 |     3 |     4 |       ||    13
       Potion            |       |     2 |     1 |       ||     3
Armor: Skin              |    36 |    14 |    64 |     1 ||   115
Dodge: Dodged            |    64 |    14 |   154 |    14 ||   246
